 Dungeon Crawl Stone Soup version 0.28.0-43-g3370ac3207 (webtiles) character file.

Game seed: 1379734157843337582

1561 croobank the Cleaver (level 8, 0/65 (70) HPs)
             Began as a Hill Orc Fighter on Mar 13, 2022.
             Was a Follower of Beogh.
             Slain by a wight
             ... wielding a +3 trident of freezing
              (8 damage)
             ... on level 6 of the Dungeon.
             The game lasted 00:16:40 (5537 turns).

croobank the Cleaver (Hill Orc Fighter)             Turns: 5537, Time: 00:17:10

HP:   0/65 (70)     AC:  9    Str: 21    XL:     8   Next: 89%
MP:   8/8           EV:  7    Int:  8    God:    Beogh [*.....]
Gold: 299           SH:  4    Dex: 12    Spells: 7/7 levels left

rFire   + + +      SeeInvis .   a - +5 hand axe "Kiyffohe" {drain, +Blink rF+++ Dex+2}
rCold   . . .      Faith    .   c - +0 buckler
rNeg    . . .      Spirit   .   D - +0 chain mail
rPois   .          Reflect  .   (no helmet)
rElec   .          Harm     .   u - scarf {+Inv}
rCorr   .          Rampage  .   (no gloves)
Will    .....                   (no boots)
Stlth   ..........              (no amulet)
HPRegen 0.20/turn               s - ring of protection from fire
MPRegen 0.11/turn               (no ring)

@: drained
A: no striking features
a: Renounce Religion, Evoke Blink, Evoke Invisibility


You were on level 6 of the Dungeon.
You worshipped Beogh.
Beogh was aware of your devotion.
You visited 1 branch of the dungeon, and saw 6 of its levels.

You collected 299 gold pieces.

Inventory:

Hand Weapons
 a - the +5 hand axe "Kiyffohe" (weapon) {drain, +Blink rF+++ Dex+2}
   (You found it on level 2 of the Dungeon)

   A truly terrible weapon, it drains the life of any living foe it strikes.
   Dex:       It affects your dexterity (+2).
   rF:        It renders you almost immune to fire.
   +Blink:    It lets you blink.
 b - a +0 hunting sling
 p - a +0 war axe of electrocution
 r - a +1 short sword of flaming
 v - a +0 glaive
 y - a +0 morningstar of holy wrath
 G - a +0 falchion
 H - a +2 whip of holy wrath
Missiles
 f - 39 arrows
 h - 179 stones
 j - 24 poisoned darts (quivered)
 C - 21 sling bullets
 F - 43 bolts
Armour
 c - a +0 buckler (worn)
 u - a scarf of invisibility (worn)
 z - a +0 plate armour
 D - a +0 chain mail (worn)
Magical Staves
 i - a staff of cold
 l - a staff of earth
Jewellery
 s - a ring of protection from fire (left hand)
 E - a ring of magical power
Wands
 I - a wand of acid (8)
Scrolls
 e - 4 scrolls of enchant armour {unknown}
 k - a scroll of magic mapping
 m - a scroll of holy word {unknown}
 n - a scroll of amnesia {unknown}
 o - a scroll of blinking {unknown}
 w - a scroll of torment {unknown}
 x - 2 scrolls of teleportation {unknown}
 B - 2 scrolls of fog {unknown}
Potions
 d - 4 potions of might
 q - 3 potions of lignification
 t - 3 potions of curing
 A - a potion of brilliance {unknown}


   Skills:
 + Level 6.2 Fighting
 + Level 12.8 Axes
 - Level 3.6 Armour
 - Level 3.6 Shields


You had 7 spell levels left.
You didn't know any spells.
Your spell library contained the following spells:

 Spells                   Type           Power      Damage    Failure   Level
 Shock                    Conj/Air       0%         1d3       99%         1
 Blink                    Tloc           0%         N/A       100%        2
 Corpse Rot               Necr/Air       0%         N/A       100%        2
 Gell's Gravitas          Tloc           0%         N/A       100%        3
 Lesser Beckoning         Tloc           0%         N/A       100%        3
 Portal Projectile        Hex/Tloc       0%         N/A       100%        3
 Swiftness                Air            0%         N/A       100%        3
 Teleport Other           Tloc           0%         N/A       100%        3
 Airstrike                Air            0%         N/A       100%        4
 Dispel Undead            Necr           0%         3d6       100%        4
 Blade Hands              Tmut           0%         N/A       100%        5
 Excruciating Wounds      Necr           0%         N/A       100%        5
 Manifold Assault         Tloc           0%         N/A       100%        5
 Death Channel            Necr           0%         N/A       100%        6
 Dispersal                Tloc           0%         N/A       100%        6


Dungeon Overview and Level Annotations

Branches:
Dungeon (6/15)             Temple (0/1) D:4

Altars:

Shops:
D:1 (((((   D:3 ?


Message History

You climb upwards.
There is a stone staircase leading down here.
You start resting.
HP restored.
You climb downwards.
There is a stone staircase leading up here.
Items here: )) [[ †.
Found 2 potions of curing.
An iguana and a wight come into view.
The wight is wielding a +3 halberd of freezing.
The iguana hisses angrily.
You block the wight's attack.
You hit the wight but do no damage. The wight barely misses you.
The wight hits you from afar with a +3 trident of freezing.
You feel drained. The wight freezes you.
You hit the wight but do no damage.
A wight comes into view. It is wielding a +2 long sword.
The wight hits you from afar with a +3 trident of freezing!
The wight freezes you.
The wight hits you with a +3 halberd of freezing!
The wight freezes you.
You hit the wight but do no damage. You closely miss the wight.
The wight barely misses you.
The wight hits you from afar with a +3 trident of freezing.
The wight freezes you.
You slash the wight!
The wight is severely damaged.
The wight hits you with a +3 halberd of freezing!
You feel drained. The wight freezes you.
The wight hits you from afar with a +3 trident of freezing!
* * * LOW HITPOINT WARNING * * *
The wight freezes you.
* * * LOW HITPOINT WARNING * * *
You feel much better.
The wight hits you with a +3 halberd of freezing!
* * * LOW HITPOINT WARNING * * *
The wight freezes you!
* * * LOW HITPOINT WARNING * * *
The wight hits you from afar with a +3 trident of freezing!
You die...

..# #.. #.##.. ###.!..#
#......## .. ......### .#
#....zz.. ##. #lz).# ##
#.# #z#..# #.###.#
#@#..##
########.#..####.#...#
....#.......##.[.[...#
#.#...........###.......$
....##.......## ##.......
..####.......# .####..
............## .# .
.#.#.........# .+
.#...........## ##


You could see an iguana and 2 wights.

Vanquished Creatures
  Eustachio (D:5)
  2 water moccasins
  2 sky beasts
  A black bear (D:4)
  An ice beast (D:5)
  An ogre (D:5)
  A necrophage (D:3)
  A kobold brigand (D:6)
  A wight (D:6)
  A centaur zombie (D:6)
  A jelly (D:6)
  3 bullfrog skeletons
  2 centaur skeletons (D:4)
  3 iguanas
  3 orc wizards
  Natasha (thrice) (D:2)
  5 adders
  A shadow imp (D:6)
  A white imp (D:6)
  An adder skeleton (D:4)
  15 orcs
  9 ball pythons
  3 bats
  8 endoplasms
  4 giant cockroaches
  4 goblins
  11 hobgoblins
  8 jackals
  12 kobolds
  5 quokkas
  5 frilled lizards
  12 rats
131 creatures vanquished.

Vanquished Creatures (others)
  An orc priest (D:5)
  2 orcs (D:5)
  2 plants (D:1)
5 creatures vanquished.

Grand Total: 136 creatures vanquished

Notes
Turn   | Place    | Note
-------+----------+-------------------------------------------
     0 | D:1      | croobank the Hill Orc Fighter began the quest for the Orb.
     0 | D:1      | Reached XP level 1. HP: 19/19 MP: 1/1
     6 | D:1      | Found Aruymila's Weapon Emporium.
    51 | D:1      | Reached XP level 2. HP: 22/27 MP: 2/2
    58 | D:1      | Reached skill level 3 in Axes
    67 | D:1      | Found Hoett's Weapon Shoppe.
    77 | D:1      | Found a faded altar of an unknown god.
   423 | D:1      | Found Luwotoa's Weapon Emporium.
   431 | D:1      | Reached XP level 3. HP: 33/33 MP: 3/3
   436 | D:1      | Found Momoott's Antique Weapon Shop.
   486 | D:1      | Found Riomaf's Antique Weapon Emporium.
   934 | D:2      | Reached skill level 4 in Axes
  1017 | D:2      | Noticed Natasha
  1027 | D:2      | Killed Natasha
  1028 | D:2      | Reached XP level 4. HP: 34/40 MP: 4/4
  1088 | D:2      | Reached skill level 5 in Axes
  1107 | D:2      | Noticed Natasha
  1112 | D:2      | Killed Natasha
  1329 | D:2      | Noticed Natasha
  1340 | D:2      | Killed Natasha
  1341 | D:2      | Reached skill level 6 in Axes
  1341 | D:2      | Reached XP level 5. HP: 24/46 MP: 5/5
  1491 | D:2      | Identified the +5 hand axe "Kiyffohe" {drain, +Blink rF+++
                  | Dex+2}
  2014 | D:3      | Found Iqui's Magic Scroll Emporium.
  2176 | D:3      | Noticed a necrophage
  2194 | D:3      | Killed a necrophage
  2195 | D:3      | Reached skill level 7 in Axes
  2195 | D:3      | Reached XP level 6. HP: 30/52 MP: 6/6
  2553 | D:3      | Identified the +6 spear of Autumn {venom, Str+2}
  2955 | D:4      | Noticed a black bear
  2961 | D:4      | Killed a black bear
  2962 | D:4      | Reached skill level 8 in Axes
  3110 | D:4      | Found a staircase to the Ecumenical Temple.
  3128 | D:4      | Reached skill level 9 in Axes
  3128 | D:4      | Reached XP level 7. HP: 58/59 MP: 7/7
  3789 | D:5      | Entered Level 5 of the Dungeon
  3790 | D:5      | Became a worshipper of Beogh the Brigand
  3823 | D:5      | Reached skill level 10 in Axes
  4201 | D:5      | Reached skill level 11 in Axes
  4209 | D:5      | Reached XP level 8. HP: 66/66 MP: 8/8
  4339 | D:5      | Noticed Eustachio
  4352 | D:5      | Killed Eustachio
  4473 | D:5      | Reached skill level 12 in Axes
  4757 | D:6      | Reached skill level 5 in Fighting
  5291 | D:6      | Reached * piety under Beogh
  5537 | D:6      | Slain by a wight

Illustrated notes

Levels and vault maps discovered:
D:1:      dpeg_arrival_ratfight, layout_rooms, serial_shops, shop,
          nicolae_shop_bloodbath_and_beyond, shop, shop_fountains, shop,
          shapermc_ecumenical_altar_mp_ritualfount
D:2:      wad_river_or_something, layout_basic, uniq_natasha
D:3:      layout_loops_cross, serial_shops, shop_scrolls,
          chequers_serial_rivers_large_b, guppyfry_early_orc_mine
D:4:      layout_loops_ring, minmay_temple_entry_mist, kennysheep_crisscross,
          eino_curves_02, minmay_close_crescents
D:5:      layout_basic, chequers_serial_rivers_micro_d,
          kennysheep_generic_room_4, uniq_eustachio
D:6:      nicolae_cairo_tiling_large_dashed, layout_layer_cave,
          grunt_ministairs_8, roderic_lattice_a

Skill      XL: |  1  2  3  4  5  6  7  8 |
---------------+-------------------------+-----
Axes           | 3 4 6 7 9 11 12 | 12.8
Fighting       | 4 6 |  6.2
Armour         | |  3.6
Shields        | |  3.6

Action                   |  1- 3 |  4- 6 |  7- 9 || total
-------------------------+-------+-------+-------++-------
Melee: War axe           |   121 |    36 |       ||   157
       Hand axe          |       |    73 |   153 ||   226
Throw: Dart              |       |     5 |    17 ||    22
Invok: Convert to Beogh  |       |       |     1 ||     1
  Use: Scroll            |     3 |     2 |     2 ||     7
       Potion            |       |       |     1 ||     1
Armor: Scale mail        |    72 |    50 |     5 ||   127
       Chain mail        |       |       |    32 ||    32
Dodge: Dodged            |    76 |    43 |    32 ||   151
Block: Buckler           |    32 |    19 |    23 ||    74
